AoeStats
← dfelicep

Yucatan

510398946Analyzed
3v3 RM · 1d ago on Sep 30, 2026· 55m 12s· 6 players
Game mode
Random Map
Map size
Normal (6 player)
Population
200
Speed
Normal
Resources
Standard
Victory
Conquest
Starting age
Dark Age
Ending age
Imperial Age
RankedLock teamsTeams togetherTeam positionsShared explorationLock speedFull tech treeHidden civsTurbo modeCheats
Victory
Defeat
🇨🇱 Persians · Chile
760
+9
🇨🇱 Franks · Chile
663
+12
🇨🇱 Magyars · Chile
641
+13
🇪🇸 Spanish · Spain
695
-38
🇪🇸 Italians · Spain
519
-9
🇪🇸 Turks · Spain
519
-9
IMPERATORCXI
4:53 Loom
13:33 Feudal Age
14:04 Town Watch
14:58 Wheelbarrow
14:13 Double-Bit Axe
14:12 Horse Collar
20:05 Gold Mining
22:18 Castle Age
20:10 Stone Mining
23:49 Heavy Plow
24:00 Bow Saw
25:03 Town Patrol
25:19 Hand Cart
25:35 Hand Cart
25:23 Fletching
28:46 Fortified Wall
28:17 Treadmill Crane
28:58 Ballistics
33:44 Imperial Age
32:49 Stone Shaft Mining
32:22 Caravan
32:28 Padded Archer Armor
31:50 Elite Skirmisher
33:37 Pikeman
34:17 Squires
34:25 Thumb Ring
34:19 Bodkin Arrow
35:28 Bracer
35:44 Leather Archer Armor
37:26 Silk Road
37:28 Conscription
39:48 Ring Archer Armor
39:29 Forging
39:19 Scale Mail Armor
39:24 Scale Barding Armor
39:02 Elite Genoese Crossbowman
40:44 Murder Holes
41:50 Chemistry
41:01 Masonry
43:27 Hoardings
43:35 Hoardings
43:39 Pirotechnia
44:08 Iron Casting
43:48 Chain Mail Armor
43:53 Chain Barding Armor
49:53 Husbandry
50:04 Bloodlines
49:16 Cavalier
49:16 Light Cavalry
53:30 Blast Furnace
53:00 Plate Mail Armor
53:05 Plate Barding Armor
sermarqu
2:10 Loom
10:32 Feudal Age
11:19 Horse Collar
17:57 Wheelbarrow
18:55 Scale Barding Armor
24:30 Castle Age
23:50 Forging
27:02 Chain Barding Armor
36:49 Imperial Age
34:35 Hand Cart
35:32 Gold Mining
35:35 Double-Bit Axe
36:28 Atonement
36:49 Sanctity
36:24 Town Watch
43:51 Fortified Wall
44:04 Ballistics
44:04 Stone Mining
45:20 Squires
45:22 Elite Janissary
47:19 Bow Saw
52:36 Heavy Camel Rider
55:15 Arson
Princesa Ico
12:37 Feudal Age
15:02 Wheelbarrow
14:13 Loom
15:31 Double-Bit Axe
17:35 Gold Mining
18:24 Forging
19:16 Horse Collar
23:53 Castle Age
22:59 Man-at-Arms
25:32 Hand Cart
26:21 Squires
26:59 Caravan
28:17 Long Swordsman
29:14 Stone Mining
29:38 Bow Saw
30:04 Husbandry
30:09 Heavy Plow
32:25 Scale Barding Armor
34:47 Bloodlines
38:05 Pikeman
48:00 Imperial Age
50:13 Cavalier
dfelicep
14:31 Feudal Age
16:13 Wheelbarrow
15:28 Double-Bit Axe
16:25 Loom
21:06 Castle Age
21:35 Scale Barding Armor
21:40 Forging
27:14 Husbandry
28:22 Chain Barding Armor
28:13 Gold Mining
30:15 Stone Mining
33:16 Imperial Age
31:07 Hand Cart
31:52 Iron Casting
32:46 Gold Shaft Mining
35:21 Bow Saw
35:36 Conscription
36:26 Chain Barding Armor
35:54 Cavalier
37:10 Chivalry
41:16 Plate Barding Armor
41:41 Blast Furnace
40:26 Treadmill Crane
40:41 Murder Holes
40:32 Arrowslits
41:02 Town Watch
41:27 Paladin
43:45 Chemistry
42:48 Caravan
44:59 Fletching
45:09 Padded Archer Armor
52:31 Bodkin Arrow
52:51 Leather Archer Armor
nachoverapp
12:07 Feudal Age
18:26 Loom
21:21 Castle Age
24:00 Gold Mining
24:00 Stone Mining
24:21 Scale Barding Armor
26:03 Loom
26:53 Wheelbarrow
29:15 Horse Collar
29:22 Double-Bit Axe
30:17 Gold Shaft Mining
31:05 Heavy Plow
32:53 Hand Cart
33:03 Chain Barding Armor
34:35 Bow Saw
37:20 Imperial Age
34:51 Man-at-Arms
36:20 Husbandry
36:43 Fletching
36:41 Town Watch
38:44 Fervor
39:44 Chemistry
39:05 Ballistics
39:20 Elite Magyar Huszar
40:21 Conscription
40:39 Town Patrol
42:18 Corvinian Army
42:47 Elite Skirmisher
43:47 Pikeman
44:14 Arson
47:52 Long Swordsman
47:53 Halberdier
48:33 Bodkin Arrow
49:14 Plate Barding Armor
48:50 Two-Handed Swordsman
50:15 Champion
52:46 Caravan
53:09 Bloodlines
Chaaloo18
11:53 Feudal Age
12:19 Double-Bit Axe
12:16 Horse Collar
17:37 Castle Age
18:13 Wheelbarrow
19:47 Bloodlines
20:47 Husbandry
28:11 Stone Mining
28:34 Bow Saw
29:09 Fervor
31:47 Heavy Plow
32:05 Hand Cart
31:46 Gold Mining
32:05 Scale Barding Armor
37:13 Imperial Age
36:00 Chain Barding Armor
35:52 Forging
37:08 Cavalier
38:27 Plate Barding Armor
40:13 Stone Shaft Mining
40:16 Gold Shaft Mining
40:14 Crop Rotation
39:33 Town Watch
39:34 Loom
40:56 Two-Man Saw
40:19 Ballistics
40:59 Chemistry
39:50 Guard Tower
39:51 Heated Shot
39:56 Murder Holes
40:12 Masonry
40:15 Guilds
40:07 Caravan
40:38 Coinage
41:20 Iron Casting
40:36 Fletching
40:47 Padded Archer Armor
41:21 Conscription
41:14 Citadels
41:41 Scale Mail Armor
41:49 Town Patrol
42:29 Banking
41:37 Savar
42:39 Heavy Camel Rider
42:56 Elite War Elephant
46:10 Kamandaran
47:17 Architecture
Connection lost

Rejoining the realm…

Still unreachable

The connection could not be restored.

Session expired

The server has moved on; the page needs a fresh start.